 Dungeon Crawl Stone Soup version 0.19.0 (webtiles) character file.

48243 TheGoonsmith the Carver (level 14, 0/72 HPs)
             Began as a Vine Stalker Summoner on Nov 16, 2016.
             Was a High Priest of Sif Muna.
             Killed by divine providence
             ... invoked by a smoke demon
             ... summoned by an orc high priest
              (12 damage)
             ... on level 2 of the Orcish Mines.
             The game lasted 00:56:35 (21219 turns).

TheGoonsmith the Carver (Vine Stalker Summoner)    Turns: 21219, Time: 00:56:37

Health: 0/72       AC: 20    Str: 10    XL:     14   Next: 45%
Magic:  0/24       EV: 15    Int: 21    God:    Sif Muna [*****.]
Gold:   1742       SH: 13    Dex: 24    Spells: 6 memorised, 8 levels left

rFire  . . .     SeeInvis .     X - +1 double sword (flame)
rCold  . . .     Gourm    .     Z - +0 steam dragon scales
rNeg   . . .     Faith    .     v - +2 buckler
rPois  .         Spirit   +     q - +2 helmet
rElec  .         Reflect  +     M - +2 cloak {MR+}
rCorr  .         Harm     .     R - +0 pair of fencer's gloves {+Riposte Dex+3}
MR     ++...                    p - +2 pair of boots {run}
Stlth  +++.......               d - +5 amulet of reflection
                                g - ring of Obsession {EV+3 Int+3 Dex+3}
                                t - ring of Lejismo {AC+5 Slay+6}

@: very slightly contaminated, repel missiles, divine energy, quick
A: fangs 3, regeneration 2, magic shield, antimagic bite, no device heal 3, rot
immunity
a: Stop Divine Energy, Channel Magic, Forget Spell, Renounce Religion


You were on level 2 of the Orcish Mines.
You worshipped Sif Muna.
Sif Muna was extremely pleased with you.
You were very hungry.

You visited 4 branches of the dungeon, and saw 21 of its levels.
You also visited: Labyrinth.

You collected 1742 gold pieces.

Inventory:

Hand Weapons
 x - the +6 rapier of a bazaar {speed, MP+9, unknown}
   (You found it on level 5 of the Lair of Beasts)

   Attacks with this weapon are significantly faster.
   It affects your magic capacity (+9).
 X - a +1 double sword of flaming (weapon)
Armour
 p - a +2 pair of boots of running (worn)
 q - a +2 helmet (worn)
 v - a +2 buckler (worn)
 M - a +2 cloak of magic resistance (worn)
 R - the +0 pair of fencer's gloves (worn) {+Riposte Dex+3}
   (You found it on level 10 of the Dungeon)

   It affects your dexterity (+3).
 Z - +0 steam dragon scales (worn)
Rods
 a - a +1 rod of inaccuracy (14/14)
   (You took it off a minotaur in a labyrinth)
 I - a +0 rod of clouds (9/9)
   (You found it on level 5 of the Dungeon)
Jewellery
 d - a +5 amulet of reflection (around neck)
 f - an uncursed ring of see invisible
 g - the ring of Obsession (right hand) {EV+3 Int+3 Dex+3}
   (You acquired it on level 1 of the Lair of Beasts)

   [ring of evasion]

   It affects your evasion (+3).
   It affects your intelligence (+3).
   It affects your dexterity (+3).
 n - an uncursed ring of fire
 t - the ring of Lejismo (left hand) {AC+5 Slay+6}
   (You acquired it on level 1 of the Lair of Beasts)

   [ring of protection]

   It affects your AC (+5).
   It affects your accuracy and damage with ranged weapons and melee attacks
   (+6).
Wands
 h - a wand of lightning (9/15)
 l - a wand of enslavement (11/24)
 s - a wand of acid (9/15)
 u - a wand of acid (9/15)
 B - a wand of paralysis (11/24)
 J - a wand of disintegration (9/24)
Scrolls
 e - a scroll of recharging
 o - a scroll of fear
 C - 7 scrolls of teleportation
 K - 6 scrolls of remove curse
 Q - a scroll of magic mapping
Potions
 i - 6 potions of curing
 j - 3 potions of flight
 w - a potion of agility {unknown}
 z - 2 potions of ambrosia {unknown}
 A - a potion of magic
 D - 2 potions of invisibility
 H - 2 potions of cancellation
 L - 3 potions of haste {unknown}
 N - a potion of berserk rage {unknown}
 S - a potion of resistance
 V - a potion of lignification {unknown}
Miscellaneous
 T - a box of beasts
Comestibles
 c - 6 bread rations
 k - a slice of pizza
 m - 6 beef jerkies
 r - 2 fruits
 E - a meat ration


   Skills:
 - Level 7.3 Fighting
 - Level 7.0(11.9) Short Blades
 * Level 14.7(15.2) Long Blades
 - Level 1.5 Dodging
 - Level 2.4 Stealth
 - Level 4.1 Shields
 - Level 6.0 Spellcasting
 - Level 10.5 Summonings
 - Level 6.1 Ice Magic
 - Level 6.2 Air Magic


You had 8 spell levels left.
You knew the following spells:

 Your Spells              Type           Power        Failure   Level  Hunger
a - Summon Ice Beast      Ice/Summ       #####...     3%          4    ####...
b - Call Imp              Summ           ######..     1%          2    None
c - Call Canine Familiar  Summ           ######..     1%          3    ##.....
d - Summon Lightning Spi  Summ/Air       #####...     3%          4    ####...
e - Swiftness             Chrm/Air       ###.....     4%          2    None
r - Repel Missiles        Chrm/Air       ###...       4%          2    None


Dungeon Overview and Level Annotations

Branches:
Dungeon (12/15)            Temple (1/1) D:7            Lair (6/6) D:11
 Shoals (0/4) Lair:4        Snake (0/4) Lair:2        Slime (0/5) Lair:5
    Orc (2/2) D:9             Elf (0/3) Orc:2

Altars:
Ashenzari
Cheibriados
Dithmenos
Elyvilon
Fedhas
Gozag
Hepliaklqana
Kikubaaqudgha
Makhleb
Nemelex Xobeh
Okawaru
Qazlal
Ru
Sif Muna
Trog
Uskayaw
Vehumet
Xom
Yredelemnul
Zin
The Shining One
Beogh

Shops:
D:5 }   Orc:2 %%


Innate Abilities, Weirdness & Mutations

You have razor-sharp teeth.
You heal very quickly.
When hurt, damage is shared between your health and your magic reserves.
Your bite disrupts and absorbs the magic of your enemies.
Potions and wands cannot restore your health.
You are immune to rotting.


Message History

Your ice beast hits the orc warrior but does no damage.
The orc high priest hits your ice beast with a glaive!
Casting: Summon Ice Beast
Confirm with . or Enter, or press ? or * to list all spells.
A chill wind blows around you.
Your ice beast hits the orc warrior but does no damage.
Your ice beast hits the orc high priest.
Your ice beast freezes the orc high priest.
The orc priest mumbles some strange prayers to Beogh against you.
Beogh smites you!
The orc warrior hits you from afar with a glaive!
* * * LOW HITPOINT WARNING * * *
Your ice beast completely misses the orc warrior.
Your ice beast misses the orc high priest.
The red devil hits your ice beast with a trident!!
The orc high priest mumbles some strange prayers to Beogh.
You block the orc warrior's attack. The smoke demon gestures at you.
Beogh smites you!
You die...

.....))...###.).## ###..######+#
.....))[...##..4.# #.'..#...##.#
##...##.)...##Yo.###.#..#...##.#
#######.....#.)..##.#####'###.##
#.....##33.##.....).......
##.....#.4o#####.)..##+##.
######.....##oY##..#....# #.
##...##......#Y..#..'....# #.
##.....##......@..#..####.#####.
##...8...##........####..........
#8.......8...8...8.####.####.....
#...._.............'....#..#..⌠..
#8.......8...8...8.####.'..#.....
##...8...##.)..)...####.#).#.....
##.....##.....÷...#..#.####.####
##...##...[..#.[.#..'......#)..
######.....##..##..#.)..#.#..)


You could see an orc high priest, a hellwing, 2 smoke demons, a red devil, an
orc warrior, an orc priest and 3 friendly ice beasts.

Vanquished Creatures
  An orc warlord (Orc:2)
  Snorg (Lair:6)
  2 orc high priests (Orc:2)
  An unseen horror (D:11)
  A flayed ghost (D:10)
  A hill giant (D:12)
  Pikel (D:7)
  A lindwurm (Lair:6)
  3 orc sorcerers (Orc:2)
  A manticore (D:12)
  A centaur zombie (D:11)
  2 elephants (Lair:5)
  6 black mambas
  4 spiny frogs
  4 torpor snails (Lair:6)
  A rime drake (Lair:3)
  3 komodo dragons
  2 slime creatures (D:12)
  3 tyrant leeches (Lair:6)
  A polar bear (Lair:2)
  6 hornets
  A two-headed ogre (Orc:2)
  3 hippogriffs
  12 blink frogs
  3 dream sheep (Lair:4)
  A shadow (D:11)
  4 wraiths
  A basilisk (Lair:3)
  18 yaks
  2 vampires (D:11)
  A wyvern (D:10)
  2 hungry ghosts
  A steam dragon (D:12)
  2 wargs
  8 water moccasins
  9 porcupines
  3 sky beasts
  A black bear (D:9)
  23 orc warriors
  2 phantoms
  2 ice beasts
  10 ogres
  A slave (D:7)
  An eye of draining (D:8)
  2 necrophages
  12 wolves
  4 centaurs
  6 crocodiles
  9 bullfrogs
  A howler monkey (D:8)
  8 wights
  6 crimson imps
  11 orc priests
  6 hounds
  6 human zombies (D:8)
  3 jellies
  2 centaur skeletons
  An iguana (D:10)
  A bullfrog skeleton (D:10)
  Ijyb (D:3)
  7 orc wizards
  5 worker ants
  A hound zombie (D:8)
  A hound skeleton (D:6)
  A mummy (D:8)
  A worker ant zombie (D:10)
  2 gnolls (Orc:1)
  9 adders
  3 shadow imps
  3 oozes (Lair:5)
  60 orcs
  4 giant cockroaches
  5 goblins
  9 hobgoblins
  10 jackals
  7 quokkas
  2 ball pythons
  15 bats
  5 frilled lizards
  A jackal zombie (D:4)
  3 kobolds (D:2)
  A leopard gecko skeleton (D:7)
  A quokka skeleton (D:6)
  6 rats
  A fungus (Lair:3)
  14 plants (Lair:6)
413 creatures vanquished.

Vanquished Creatures (collateral kills)
  An orc warlord (Orc:2)
  The ghost of PrincessPwny the Bludgeoner, a journeyman MiBe of Trog (Lair:6)
  A minotaur (Lab)
  An ice dragon (Lair:6)
  6 hydras
  An orc high priest (Orc:2)
  Urug (D:10)
  The ghost of tijit the Spear-Bearer, a novice MfGl of Okawaru (D:7)
  A hill giant (D:10)
  A lindwurm (Lair:6)
  A siren (Lair:4)
  3 torpor snails
  3 elephants (Lair:5)
  A black mamba (Lair:6)
  2 centaur skeletons
  4 komodo dragons
  2 spiny frogs
  A troll (D:12)
  3 slime creatures (D:12)
  14 blink frogs
  2 hippogriffs
  3 hornets (Lair:6)
  5 dream sheep (Lair:4)
  Sigmund (D:2)
  3 wraiths (D:10)
  16 yaks
  A fire elemental (Lair:2)
  Grum (Lair:1)
  A warg (Orc:2)
  3 nagas (Lair:2)
  2 water moccasins (Lair:6)
  2 porcupines
  An ice beast (D:12)
  9 orc warriors
  A slave (D:7)
  A sky beast (D:10)
  2 necrophages
  A black bear (Lair:1)
  8 wolves
  3 ogres
  A centaur (D:9)
  2 crocodiles
  4 bullfrogs
  2 scorpions (D:4)
  A wight (D:10)
  A vampire bat (Lair:2)
  A bullfrog zombie (D:6)
  4 jellies
  5 orc wizards
  2 hounds
  7 orc priests
  A worker ant (D:6)
  Terence (D:2)
  A worker ant zombie (D:10)
  2 gnolls (Orc:1)
  7 adders
  A shadow imp (D:5)
  2 oozes (Lair:5)
  2 worms
  2 dart slugs (D:1)
  2 leopard geckos
  32 orcs
  A giant cockroach (D:2)
  4 hobgoblins
  5 jackals
  A ball python (D:3)
  8 bats
  2 frilled lizards
  6 goblins
  3 kobolds
  3 fungi
  2 plants
233 creatures vanquished.

Vanquished Creatures (others)
  An orc priest (Orc:2)
  12 plants
13 creatures vanquished.

Grand Total: 659 creatures vanquished

Notes
Turn   | Place    | Note
-------+----------+-------------------------------------------
     0 | D:1      | TheGoonsmith the Vine Stalker Summoner began the quest for the Orb.
     0 | D:1      | Reached XP level 1. HP: 9/9 MP: 4/4
   405 | D:1      | Reached skill level 1 in Fighting
   407 | D:1      | Reached XP level 2. HP: 14/14 MP: 1/6
  1250 | D:1      | Learned a level 2 spell: Call Imp
  1517 | D:2      | Found an opulent altar of Gozag.
  1548 | D:2      | Noticed Terence
  1555 | D:2      | Noticed Sigmund
  1668 | D:2      | Reached XP level 3. HP: 18/18 MP: 7/7
  1830 | D:2      | Killed Terence
  1848 | D:2      | Killed Sigmund
  1848 | D:2      | Gained mutation: Your natural rate of healing is unusually fast. [Vine Stalker growth]
  1848 | D:2      | Reached XP level 4. HP: 25/25 MP: 3/8
  1848 | D:2      | Reached XP level 5. HP: 29/29 MP: 3/9
  2618 | D:2      | Found a bloodstained altar of Trog.
  2620 | D:2      | Found a basalt altar of Yredelemnul.
  2738 | D:3      | Learned a level 3 spell: Call Canine Familiar
  2793 | D:3      | Reached skill level 1 in Short Blades
  2955 | D:3      | Reached skill level 1 in Shields
  2979 | D:3      | Noticed Ijyb
  3036 | D:3      | Killed Ijyb
  3087 | D:3      | Found a snail-covered altar of Cheibriados.
  3131 | D:3      | Found a hazy altar of Hepliaklqana.
  3395 | D:4      | Reached XP level 6. HP: 23/33 MP: 4/10
  4265 | D:4      | Reached XP level 7. HP: 37/37 MP: 11/11
  4612 | D:5      | Entered Level 5 of the Dungeon
  4816 | D:5      | Found a glowing silver altar of Zin.
  4927 | D:5      | Noticed a water elemental
  4963 | D:5      | Found a stormy altar of Qazlal.
  4966 | D:5      | Noticed an air elemental
  4966 | D:5      | Noticed a fire elemental
  5021 | D:5      | Found Raar's Gadget Boutique.
  5472 | D:6      | Reached skill level 5 in Short Blades
  5487 | D:6      | Gained mutation: You have razor-sharp teeth. [Vine Stalker growth]
  5487 | D:6      | Reached XP level 8. HP: 36/42 MP: 7/12
  5795 | D:6      | Found a radiant altar of Vehumet.
  5801 | D:6      | Found a white marble altar of Elyvilon.
  5897 | D:7      | Noticed tijit's ghost (novice MfGl)
  5991 | D:7      | Learned a level 4 spell: Summon Ice Beast
  6054 | D:7      | Killed tijit's ghost
  6054 | D:7      | Reached XP level 9. HP: 27/49 MP: 13/13
  6212 | D:7      | Noticed Pikel
  6231 | D:7      | Killed Pikel
  6279 | D:7      | Found a staircase to the Ecumenical Temple.
  6288 | Temple   | Entered the Ecumenical Temple
  6335 | Temple   | Became a worshipper of Sif Muna the Loreminder
  6553 | D:7      | Found a shimmering altar of Xom.
  6667 | D:7      | Learned a level 4 spell: Summon Lightning Spire
  6848 | D:8      | Found an iron altar of Okawaru.
  6873 | D:8      | Reached skill level 5 in Spellcasting
  6894 | D:8      | Found an ancient bone altar of Kikubaaqudgha.
  6899 | D:8      | Reached * piety under Sif Muna
  7123 | D:8      | Reached skill level 1 in Ice Magic
  7123 | D:8      | Reached skill level 1 in Air Magic
  7123 | D:8      | Reached XP level 10. HP: 33/55 MP: 14/20
  7464 | D:8      | Reached skill level 5 in Summonings
  7478 | D:8      | Reached ** piety under Sif Muna
  8155 | D:10     | Entered Level 10 of the Dungeon
  8515 | D:10     | Identified a scroll of acquirement
  8572 | D:10     | Reached *** piety under Sif Muna
  8840 | D:10     | Noticed a hill giant
  8855 | D:10     | Killed a hill giant
  9035 | D:10     | Found a runed door.
  9116 | D:10     | Found a deep blue altar of Sif Muna.
  9146 | D:10     | Found an ancient bone altar of Kikubaaqudgha.
  9167 | D:10     | Found a shadowy altar of Dithmenos.
  9382 | D:10     | Found a radiant altar of Vehumet.
  9391 | D:10     | Found an ancient bone altar of Kikubaaqudgha.
  9402 | D:10     | Found a shimmering altar of Xom.
  9473 | D:10     | Reached XP level 11. HP: 31/58 MP: 8/21
  9736 | D:10     | Noticed a flayed ghost
  9750 | D:10     | Killed a flayed ghost
  9750 | D:10     | Reached **** piety under Sif Muna
  9938 | D:11     | Reached skill level 5 in Air Magic
 10166 | D:11     | Noticed Urug
 10211 | D:10     | Reached skill level 5 in Ice Magic
 10216 | D:10     | Killed Urug
 10757 | D:12     | Found a labyrinth entrance.
 10765 | Lab      | Entered a labyrinth
 11008 | Lab      | Noticed a minotaur
 11017 | Lab      | Killed a minotaur
 11017 | Lab      | Reached skill level 1 in Long Blades
 11044 | Lab      | Got a pitted amethyst amulet
 11047 | Lab      | Got a distressingly furry chain mail
 11048 | Lab      | Identified the amulet of Boeragei {+Rage rElec} (You found it in a labyrinth)
 11149 | D:12     | Noticed a five-headed hydra
 11161 | D:12     | Killed a five-headed hydra
 11299 | D:12     | Reached skill level 2 in Long Blades
 11500 | D:12     | Reached ***** piety under Sif Muna
 11548 | D:12     | Identified a +1 rod of inaccuracy (14/14) (You took it off a minotaur in a labyrinth)
 11549 | D:12     | Identified a +0 rod of clouds (9/9) (You found it on level 5 of the Dungeon)
 11766 | D:12     | Identified Sif Muna's Handbook of Confrontation (Sif Muna gifted it to you on level 12 of the Dungeon)
 11766 | D:12     | Received a gift from Sif Muna
 11798 | D:12     | Noticed a manticore
 11811 | D:12     | Killed a manticore
 11811 | D:12     | Reached skill level 3 in Long Blades
 11904 | D:12     | Noticed a hill giant
 11917 | D:12     | Killed a hill giant
 12094 | D:11     | Noticed an unseen horror
 12105 | D:11     | Killed an unseen horror
 12130 | D:11     | Found a staircase to the Lair.
 12145 | Lair:1   | Entered Level 1 of the Lair of Beasts
 12493 | Lair:1   | Gained mutation: You heal very quickly. [Vine Stalker growth]
 12493 | Lair:1   | Reached XP level 12. HP: 21/63 MP: 3/22
 12498 | Lair:1   | Reached skill level 4 in Long Blades
 12755 | Lair:1   | Noticed Grum
 12782 | Lair:1   | Reached skill level 10 in Summonings
 12793 | Lair:1   | Killed Grum
 13424 | Lair:2   | Reached skill level 5 in Long Blades
 13629 | Lair:2   | Noticed a seven-headed hydra
 13641 | Lair:2   | Killed a seven-headed hydra
 14051 | Lair:2   | Found a staircase to the Snake Pit.
 14063 | Lair:2   | Reached skill level 6 in Long Blades
 14486 | Lair:3   | Reached skill level 7 in Long Blades
 14868 | Lair:3   | Reached skill level 8 in Long Blades
 15419 | Lair:4   | Reached skill level 9 in Long Blades
 15695 | Lair:4   | Reached XP level 13. HP: 67/67 MP: 23/23
 15758 | Lair:4   | Reached skill level 10 in Long Blades
 15962 | Lair:4   | Found a staircase to the Shoals.
 16438 | Lair:1   | Got a vibrating copper ring
 16440 | Lair:1   | Identified the ring of Obsession {EV+3 Int+3 Dex+3} (You acquired it on level 1 of the Lair of Beasts)
 16448 | Lair:1   | Identified a +2 pair of boots of running (You acquired it on level 1 of the Lair of Beasts)
 16449 | Lair:1   | Got a brightly glowing silver ring
 16450 | Lair:1   | Identified the ring of Lejismo {AC+5 Slay+6} (You acquired it on level 1 of the Lair of Beasts)
 16469 | Lair:1   | Learned a level 2 spell: Repel Missiles
 16472 | Lair:1   | Learned a level 2 spell: Swiftness
 16922 | Lair:5   | Found a staircase to the Slime Pits.
 16928 | Lair:5   | Reached skill level 11 in Long Blades
 16968 | Lair:5   | Got a crystal rapier
 17347 | Lair:6   | Entered Level 6 of the Lair of Beasts
 17462 | Lair:6   | Noticed PrincessPwny's ghost (journeyman MiBe)
 17485 | Lair:6   | Killed PrincessPwny's ghost
 17525 | Lair:6   | Noticed Snorg
 17542 | Lair:6   | Killed Snorg
 17542 | Lair:6   | Identified Sif Muna's Collected Works on Arcane Weapons and the Mountains (Sif Muna gifted it to you on level 6 of the Lair of Beasts)
 17542 | Lair:6   | Received a gift from Sif Muna
 17542 | Lair:6   | Reached skill level 12 in Long Blades
 18278 | Lair:6   | Found a runed door.
 18455 | Lair:6   | Reached skill level 13 in Long Blades
 18620 | Lair:6   | Noticed an ice dragon
 18634 | Lair:6   | Killed an ice dragon
 18796 | Lair:6   | Reached XP level 14. HP: 72/72 MP: 24/24
 19577 | D:9      | Found a faded altar of an unknown god.
 19577 | D:9      | Found a faded altar of an unknown god.
 19582 | D:9      | Found a shadowy altar of Dithmenos.
 19584 | D:9      | Found a faded altar of an unknown god.
 19586 | D:9      | Found a faded altar of an unknown god.
 19673 | D:9      | Found a staircase to the Orcish Mines.
 19896 | Orc:1    | Entered Level 1 of the Orcish Mines
 20096 | Orc:2    | Entered Level 2 of the Orcish Mines
 20321 | Orc:2    | Noticed an orc warlord
 20340 | Orc:2    | Killed an orc warlord
 20340 | Orc:2    | Reached skill level 14 in Long Blades
 20756 | Orc:2    | Found a staircase to the Elven Halls.
 20933 | Orc:2    | Noticed an orc warlord
 20978 | Orc:2    | Killed an orc warlord
 21081 | Orc:2    | Found a roughly hewn altar of Beogh.
 21143 | Orc:2    | Found Xeloriry's Food Emporium.
 21198 | Orc:2    | Found Bafin's Food Boutique.
 21219 | Orc:2    | Killed from afar by a smoke demon

Skill      XL: |  1  2  3  4  5  6  7  8  9 10 11 12 13 14 |
---------------+-------------------------------------------+-----
Fighting       | 1 2 4 6 7 |  7.3
Short Blades   | 2 3 5 6 7 |  7.0
Shields        | 1 2 3 4 |  4.1
Spellcasting   | 6 |  6.0
Ice Magic      | 1 4 6 |  6.1
Air Magic      | 1 4 6 |  6.2
Summonings     | 7 9 10 | 10.5
Long Blades    | 3 9 13 14 | 14.7
Dodging        | |  1.5
Stealth        | |  2.4

Action                   |  1- 3 |  4- 6 |  7- 9 | 10-12 | 13-15 || total
-------------------------+-------+-------+-------+-------+-------++-------
Melee: Dagger            |    49 |   253 |   516 |   407 |       ||  1225
       Bite              |    15 |    68 |   142 |   327 |   234 ||   786
       Double sword      |       |       |       |   386 |   501 ||   887
 Cast: Summon Small Mamm |    30 |       |       |       |       ||    30
       Call Imp          |     6 |    33 |    32 |    21 |       ||    92
       Call Canine Famil |       |    13 |    24 |    32 |       ||    69
       Summon Ice Beast  |       |       |       |   128 |    96 ||   224
       Summon Lightning  |       |       |       |     8 |    18 ||    26
       Repel Missiles    |       |       |       |       |     2 ||     2
Invok: Divine Energy     |       |       |       |       |     1 ||     1
  Use: Scroll            |     3 |     3 |     8 |    14 |    12 ||    40
       Potion            |       |       |     2 |     1 |     2 ||     5
 Stab: Sleeping          |     4 |     3 |     9 |    15 |    11 ||    42
       Distracted        |     1 |     4 |     4 |    13 |     6 ||    28
       Invisible         |       |       |       |       |     1 ||     1
  Eat: Chunk             |     4 |    12 |    16 |    37 |    32 ||   101
       Bread ration      |       |       |       |     1 |       ||     1
       Meat ration       |       |       |       |     2 |       ||     2
       Beef jerky        |       |       |       |     1 |       ||     1
Armor: Robe              |    16 |    55 |       |       |       ||    71
       Leather armour    |       |    22 |   119 |   133 |       ||   274
       Steam dragon scal |       |       |       |   126 |   116 ||   242
Dodge: Dodged            |    39 |   131 |   180 |   368 |   181 ||   899
       Deflected         |       |       |       |       |     2 ||     2
Block: Buckler           |       |    52 |   118 |   443 |   308 ||   921
       Reflection        |       |       |       |     2 |     4 ||     6
       Rpst.: Double sword |       |       |       |    96 |    91 ||   187
       Dagger            |       |       |       |     4 |       ||     4
